Unix NetHack Version 3.7.0-102 Work-in-progress - last build Apr 6 2024 13:22:21 (d302a6a9ff6341f1a922d8f5af178406b35fdf99,branch:master). Game began 2024-04-12 19:59:03, ended 2024-04-13 15:25:57. DoktorL, chaotic male orcish Barbarian ----------------- |?..).A@.D..@...| ---*/V----.----...--- |.*a%--.......--....| -------*..-- ........--.@.------ ----- |.........| ..@.a.....|....%....| ----- ...| |...------- ......... -------A..| |..O @ A @ ---------..-- ----@--- -....... --@---- --..--------- |.......|...-- --.%!.... -----|----- ......-- --...|...a@..|N |.......|H...---........ ---.V%.AD...--- ....@..---..@.|.a.....| |..._.....@%%a?...%..... |...).@.A..@..| .....@.*.N.a.-**@o...| |....@..|.@..---....... |..----.----).| .....---A.a.|.g.....| |A......|A..-- --..... |E%|.......|..| ...-- --...|@.....a| B ---------..-- --- |..|.......|..| --- --.a--------- ...| |.A|..._...|.A| |... A A ----- |.A|.......|g.| ----- |..|.......|..| |@.---------&O| |q...(..@.....| --------------- DoktorL the Reaver St:25 Dx:18 Co:18 In:8 Wi:14 Ch:6 Chaotic S:1044668 Astral Plane $:0 HP:232(251) Pw:25(25) AC:-30 Xp:18/1320500 T:42152 Latest messages: You hit the gray dragon with the cockatrice corpse. The gray dragon is slowing down. The gray dragon turns to stone. Where do you want to jump? (For instructions type a '?') The high priest intones: "Pilgrim, you enter a sacred place!" You hear a chugging sound. The invisible priestess of Crom wields a mace! The renegade priestess of Set turns to flee. The renegade priestess of Set wields a mace! The killer bee turns to flee. Pick an object. You hit the renegade priestess of Set with the cockatrice corpse. The renegade priestess of Set is slowing down. The renegade priestess of Set turns to stone. The invisible priestess of Crom turns to flee. The priest of Mitra casts a spell! The priest of Mitra summons insects! You hit the soldier ant with the cockatrice corpse. The soldier ant is slowing down. The soldier ant turns to stone. The soldier ant turns to flee. The giant ant turns to flee. You hit the killer bee with the cockatrice corpse. The killer bee is slowing down. The killer bee turns to stone. The winged gargoyle turns to flee. The priest of Mitra turns to flee. The priest of Mitra wields a mace! The mace welds itself to the priest of Mitra's hand! Pick an object. The soldier ant turns to flee. There is a high altar to Set (chaotic) here. # #of#of: unknown extended command. Your left hand is empty. # What do you want to sacrifice? [X or ?*] You offer the Amulet of Yendor to Set... An invisible choir sings, and you are bathed in radiance... The voice of Set booms out: "Mortal, thou hast done well!" "In return for thy service, I grant thee the gift of Immortality!" You ascend to the status of Demigod... Do you want your possessions identified? [ynq] (y) Do you want to see your attributes? [ynq] (y) Do you want an account of creatures vanquished? [ynaq] (y) Do you want a list of species genocided and extinct? [ynaq] (y) Do you want to see your conduct and achievements? [ynq] (y) Do you want to see the dungeon overview? [ynq] (y) Inventory: Amulets u - an uncursed amulet of ESP (being worn) T - an uncursed amulet of reflection Weapons Y - 6 +3 daggers named +1 (at the ready) a - a rustproof +4 long sword Armor j - an uncursed thoroughly rusty +4 orcish helm (being worn) y - an uncursed very rusty +4 pair of gauntlets of power (being worn) U - an uncursed +0 pair of jumping boots (being worn) N - an uncursed very burnt +0 pair of levitation boots d - an uncursed +0 pair of speed boots i - an uncursed +0 shield of reflection (being worn) h - a blessed fireproof +3 robe (being worn) G - a blessed +5 Hawaiian shirt with a toucan motif (being worn) S - a blessed +3 gray dragon scale mail (being worn) Comestibles m - an uncursed partly eaten food ration L - an uncursed food ration A - an uncursed cockatrice corpse (wielded) W - 2 uncursed lizard corpses Scrolls n - an uncursed scroll of create monster Spellbooks q - the cursed Book of the Dead Potions D - 2 blessed diluted potions of full healing Rings x - a blessed +3 ring of protection (on right hand) p - a cursed ring of shock resistance (on left hand) Wands c - a cursed wand of cancellation (0:0) B - a wand of death (2:3) C - a wand of death (1:0) I - a wand of digging (0:7) z - a wand of digging (0:1) M - a wand of locking (0:5) O - a wand of locking (0:5) E - a wand of speed monster (0:5) r - a wand of speed monster (0:4) Q - a wand of speed monster (0:3) f - a wand of teleportation (0:1) k - a wand of teleportation (0:1) F - a wand of teleportation (0:1) Tools t - a blessed greased bag of holding containing 28 items b - an empty cursed sack g - an uncursed bugle J - the cursed Bell of Opening (0:2) V - an uncursed blindfold named cold fire slep w - the uncursed Candelabrum of Invocation (0 of 7 candles attached) o - a magic marker (1:11) Z - a blessed oil lamp (lit) v - an uncursed oil lamp (lit) e - a blessed +0 unicorn horn Gems/Stones K - the blessed Heart of Ahriman Contents of the bag of holding: an uncursed pear 3 uncursed eggs 2 blessed scrolls of blank paper 9 uncursed scrolls of blank paper 2 cursed scrolls of blank paper 2 uncursed scrolls of gold detection 2 cursed scrolls of teleportation 2 blessed diluted potions of full healing 4 uncursed potions of full healing a cursed potion of gain level a blessed potion of monster detection 2 uncursed potions of monster detection 2 potions of holy water a cursed ring of invisibility an uncursed ring of slow digestion a blessed wand of create monster (0:12) a wand of digging (0:0) a wand of digging (0:0) a wand of digging (0:0) a wand of digging (0:0) a wand of fire (0:6) a wand of fire (0:5) a wand of fire (0:5) a wand of fire (0:3) a wand of fire (0:0) a wand of striking (0:3) a wand of striking (0:0) 5 uncursed wax candles DoktorL the Barbarian's attributes: Background: You were a Reaver, a level 18 male orcish Barbarian. You were chaotic, on a mission for Set who was opposed by Mitra (lawful) and Crom (neutral). You were left-handed. You were in the endgame, on the Astral Plane. You entered the dungeon 42152 turns ago. You had 1320500 experience points, 1239500 more were needed for level 19. Your score was 1044668 before end-of-game adjustments. Basics: You had 232 out of 251 hit points. You had all 25 energy points (spell power). Your armor class was -30. Your wallet was empty. Autopickup was on for '$"?!/=' plus thrown, with exceptions. Final Characteristics: Your strength was 25 (base:18/09, innate limit:18/50). Your dexterity was 18 (limit:18). Your constitution was 18 (limit:18). Your intelligence was 8 (limit:16). Your wisdom was 14 (limit:16). Your charisma was 6 (limit:16). Final Status: You weren't hungry. You were unencumbered. You were wielding a corpse. Final Attributes: You were piously aligned. You were magic-protected. You were fire resistant. You were cold resistant. You were sleep resistant. You were shock resistant. Your items were protected from electric shocks. You were poison resistant. You saw invisible. You were telepathic. You had infravision. You were invisible to others. You were stealthy. You could jump. You had a moderate defense bonus (+7). You were protected. You were very fast. You had reflection. You were extremely lucky. You had extra luck. Good luck did not time out for you. You survived. Miscellaneous: You disabled loading of bones levels. Total elapsed playing time was 7 hours, 58 minutes and 18 seconds. Major events: Turn 1: DoktorL the chaotic male orcish Barbarian entered the dungeon 932: found Mjollnir in a shop 1199: attained the rank of Pillager (level 3) 1252: entered the Gnomish Mines 2411: attained the rank of Bandit (level 6) 2760: reached Mine Town 3812: entered Sokoban 7073: completed 2nd Sokoban level 7458: completed 3rd Sokoban level 8375: completed 4th Sokoban level 9613: acquired the Sokoban amulet of reflection 11502: attained the rank of Brigand (level 10) 20939: killed Medusa 22973: made his first wish - "marker", got "a magic marker" 22974: wished for "2 cursed genocide", got "2 scrolls labeled VENZAR BORGAVVE" 23858: found Trollsbane on the floor 25190: wished for "holy greased bag of holding", got "a greased bag" 25333: attained the rank of Raider (level 14) 26037: performed his first genocide (shocking spheres) 26119: genocided master mind flayers 27155: wished for "marker", got "a magic marker" 28179: killed Thoth Amon 28180: found the Heart of Ahriman on the floor 28181: acquired the Bell of Opening 28224: was bestowed with Cleaver by Set 28251: was bestowed with Ogresmasher by Set 30352: genocided class L 30706: entered Gehennom 32948: wished for "marker", got "a magic marker" 33740: killed Juiblex 34154: bribed Baalzebub with 600 zorkmids for safe passage 34918: killed Orcus 37142: destroyed Vlad the Impaler 37157: acquired the Candelabrum of Invocation 38855: killed the Wizard of Yendor 38859: acquired the Book of the Dead 38878: performed the invocation 39080: killed the high priest of Moloch 39085: acquired The Amulet of Yendor 39556: killed the Wizard of Yendor (2nd time) 40227: killed the Wizard of Yendor (3rd time) 40295: bribed Asmodeus with 511 zorkmids for safe passage 41109: killed the Wizard of Yendor (5th time) 41309: found Sunsword on the floor 41605: entered the Elemental Planes 41605: entered Plane of Earth 41646: entered Plane of Air 41776: entered Plane of Fire 41825: entered Plane of Water 41885: entered the Astral Plane 41891: attained the rank of Reaver (level 18) 41910: killed Pestilence 41944: killed Pestilence (2nd time) 42012: killed Death 42067: killed Death (2nd time) 42075: killed Pestilence (3rd time) 42128: killed Famine 42152: ascended Vanquished creatures: Orcus an erinys Juiblex the Wizard of Yendor (8 times) Death (twice) Pestilence (4 times) Famine Vlad the Impaler a high cleric a mastodon Medusa a kraken 2 Archons 4 iron golems a ki-rin 3 storm giants 3 glass golems 3 balrogs Thoth Amon 6 purple worms 6 gray dragons 2 silver dragons 2 red dragons 3 orange dragons 2 black dragons 4 blue dragons a green dragon a yellow dragon 15 minotaurs 2 jabberwocks 2 baluchitheria 12 Angels 2 stone golems an Olog-hai a Nazgul 2 pit fiends 3 hell hounds 6 titanotheres 5 trappers 2 baby red dragons a baby white dragon a baby green dragon 3 baby yellow dragons a guardian naga 2 genetic engineers 2 disenchanters 19 vampire leaders 2 skeletons 26 aligned clerics 4 shades 3 liches 3 nurses 3 ice devils 5 nalfeshnees a lurker above an Aleax 2 frost giants 3 ettins 4 black puddings 28 vampires a lieutenant 38 ghosts a barbarian a knight a monk a valkyrie 7 queen bees a winged gargoyle 3 giant mimics 2 zruties 6 fire giants 8 ogre tyrants 2 ice trolls 39 rock trolls 3 umber hulks 2 flesh golems 4 elven monarchs a doppelganger 11 hezrous 5 bone devils a large mimic a wumpus 8 fire vortices a couatl 4 stalkers 10 air elementals 4 fire elementals 7 earth elementals 3 water elementals a hill giant a giant mummy 5 black nagas 8 xorns 15 giant zombies 8 elf-nobles 11 sergeants 4 barbed devils 7 vrocks 3 salamanders 10 wargs 2 hell hound pups 7 small mimics 3 glass piercers 4 warhorses 9 steam vortices 6 xans 4 ettin mummies 6 ogre leaders 6 quantum mechanics 17 trolls a sasquatch 3 wood golems 6 mariliths 4 sharks 7 gelatinous cubes 4 pyrolisks 2 large dogs 7 freezing spheres 5 flaming spheres 2 shocking spheres 4 tigers 3 gargoyles 4 dwarf rulers 9 tengu 4 ochre jellies 3 leocrottas 3 energy vortices 2 mountain centaurs 2 stone giants 9 elf mummies a human mummy 2 red nagas 2 green slimes 4 pythons 5 pit vipers 5 cobras 39 wraiths 4 carnivorous apes 21 ettin zombies 9 Grey-elves 46 soldiers 3 amorous demons 7 horned devils 11 chameleons 14 giant beetles 4 quivering blobs 12 cockatrices 5 wolves 3 winter wolf cubs 2 panthers 17 gremlins a spotted jelly 5 leprechauns 11 orc-captains 3 iron piercers 3 giant spiders a scorpion 6 horses 3 ice vortices 11 black lights 7 vampire bats 3 forest centaurs 4 gnome rulers 4 orc mummies 2 dwarf mummies 84 ogres 4 brown puddings 8 rust monsters 6 owlbears 6 yetis 3 gold golems a werewolf 17 Green-elves 6 giant eels 15 lizards a chickatrice a dingo 2 dogs 2 housecats 3 jaguars 7 dwarf leaders 5 blue jellies a white unicorn 3 gray unicorns a black unicorn 3 dust vortices 5 ravens 2 plains centaurs 2 gnome mummies 7 snakes 6 apes 29 human zombies a rope golem 5 Woodland-elves 21 soldier ants 19 fire ants 23 bugbears 3 lemures 2 quasits 2 wood nymphs 3 water nymphs 4 mountain nymphs 5 Mordor orcs 7 Uruk-hai 2 orc shamans 4 rock piercers 4 rock moles 7 ponies 4 fog clouds 12 yellow lights 3 shriekers a violet fungus 11 gnome leaders 2 gnomish wizards 4 kobold mummies a red naga hatchling 2 black naga hatchlings 5 gray oozes 4 barrow wights 16 elf zombies 16 ghouls 2 straw golems 5 paper golems a jellyfish 37 giant ants 2 little dogs 8 floating eyes 10 dwarves 2 homunculi 3 kobold leaders 5 kobold shamans 18 hill orcs 11 rothes 2 rabid rats 2 centipedes 2 giant bats a monkey 16 orc zombies 18 dwarf zombies 4 wererats 2 werejackals 5 iguanas 64 killer bees an acid blob a coyote a gas spore 5 hobbits 19 manes 3 large kobolds 18 hobgoblins 9 giant rats 5 cave spiders a brown mold 2 yellow molds 30 gnomes 9 garter snakes 15 gnome zombies 9 geckos 11 jackals 2 foxes 2 kobolds 10 goblins 8 sewer rats 13 grid bugs 2 bats 8 lichens 14 kobold zombies 10 newts 1762 creatures vanquished. Genocided or extinct species: arch-liches master liches demiliches master mind flayers liches shocking spheres ogres (extinct) 6 species genocided. 1 species extinct. Voluntary challenges: You read items or engraved 123 times. You never engraved Elbereth. You genocided 6 types of monsters. You never polymorphed an object. You used 5 wishes. You did not wish for any artifacts. You did not violate any of the special Sokoban rules. Achievements: You entered a shop. You attained the rank of Pillager. You entered the Gnomish Mines. You attained the rank of Bandit. You entered Minetown. You entered Sokoban. You completed Sokoban. You attained the rank of Brigand. You defeated Medusa. You attained the rank of Raider. You had the Bell of Opening. You entered Gehennom. You entered a temple. You had the Candelabrum of Invocation. You had the Book of the Dead. You gained access to Moloch's Sanctum. You reached the Elemental Planes. You reached the Astral Plane. You attained the rank of Reaver. You delivered the Amulet of Yendor. You ascended! The Elemental Planes: Astral Plane: <- You are here. Many temples and many altars. Plane of Water: Plane of Fire: Plane of Air: Plane of Earth: The Dungeons of Doom: levels 1 to 25 Level 1: "V" One way stairs up to The Elemental Planes. Level 2: A fountain. Level 3: "sword and mojo lol" A weapon shop. Level 4: Some fountains. Stairs down to The Gnomish Mines. Level 5: Many graves. Level 6: Some fountains. Oracle of Delphi. Level 7: Stairs up to Sokoban, level 6. Level 8: A fountain. Level 9: "hammer" Level 10: Level 11: A fountain. Level 12: "V" A fountain, a sink. Portal to The Quest. Level 13: Level 14: An altar to Set, a fountain. Level 15: A primitive area. Level 16: A fountain. Level 17: Level 18: "lvl tele" Level 19: Level 20: "WWWWWWWWWWWWW" An altar to Set, many graves. Level 21: "lvl tele" Level 22: Level 23: Some graves. Level 24: Some fountains, many trees. Level 25: A throne, a fountain. The castle. Connection to Gehennom. Gehennom: levels 26 to 45 Level 26: A temple and an altar, many graves. Valley of the Dead. Level 27: Level 28: Level 29: Level 30: Level 31: A fountain. Level 32: Level 33: Level 34: "chicken" Level 35: An altar, many graves. Stairs up to Vlad's Tower, level 34. Level 36: Level 37: "mini chickens" Level 38: Level 39: Level 40: Level 41: "chicken" Level 42: "chickens" Level 43: Level 44: Level 45: A temple and an altar, many graves. Moloch's Sanctum. The Gnomish Mines: levels 5 to 8 Level 5: Level 6: Level 7: "WATER ABOVE, WRAP" Level 8: An altar to Set, some fountains. The Quest: levels 1 to 6 Level 1: A throne, many trees. Completed quest for Pelias. Level 2: Level 3: Level 4: Level 5: Level 6: An altar to Set. Sokoban: levels 6 up to 3 Level 3: Solved. Level 4: Solved. Level 5: Solved. Level 6: Unsolved. Vlad's Tower: levels 34 up to 32 Level 32: Level 33: Level 34: Goodbye DoktorL the Demigod... You went to your reward with 2145886 points, The Book of the Dead (worth 10000 zorkmids and 25000 points) The Candelabrum of Invocation (worth 5000 zorkmids and 12500 points) The Bell of Opening (worth 5000 zorkmids and 12500 points) The Heart of Ahriman (worth 2500 zorkmids and 6250 points) 1 amulet of ESP (worth 150 zorkmids), 1 amulet of reflection (worth 150 zorkmids), and 0 pieces of gold, after 42152 moves. You were level 18 with a maximum of 251 hit points when you ascended.